TOP OF THE 1ST |
Northville Eclipse batting - Pitching for Marquette Miners : RHP Jason Huggins
|
Pitching: RHP Jason Huggins
|
|
Batting: RHB Joe Mueller
|
0-0: Ball 1-0: Called Strike 1-1: Foul Ball, location: 2F 1-2: Strikes out swinging, 2-3 out at first.
|
Batting: LHB Jon Ellender
|
0-0: Called Strike 0-1: DOUBLE (Line Drive, 89D)
|
Batting: RHB Colm Shapland
|
0-0: Foul Ball, location: 2F 0-1: Ground out 4-3 (Groundball, 34) Jon Ellender to third
|
Batting: LHB Dean Jackson
|
0-0: Foul Ball, location: 2F 0-1: Ball 1-1: Foul Ball, location: 2F 1-2: SINGLE (Line Drive, 4) Jon Ellender scores
|
Batting: RHB António Avery
|
0-0: Ball 1-0: Called Strike 1-1: Ball 2-1: Foul Ball, location: 2F 2-2: Strikes out swinging
|
Top of the 1st over - 1 run, 2 hits, 0 errors, 1 left on base; Northville 1 - Marquette 0 |
BOTTOM OF THE 1ST |
Marquette Miners batting - Pitching for Northville Eclipse : LHP Denie Ulderink
|
Pitching: LHP Denie Ulderink
|
|
Batting: RHB Álex Maroto
|
0-0: Called Strike 0-1: Ball 1-1: Foul Ball, location: 2F 1-2: Ball 2-2: Ground out 5-3 (Groundball, 5S)
|
Batting: RHB Hyun-hi Choung
|
0-0: Foul Ball, location: 2F 0-1: Foul Ball, location: 2F 0-2: Ball 1-2: Ground out 5-3 (Groundball, 56)
|
Batting: RHB Matt Cleveland
|
0-0: Called Strike 0-1: Swinging Strike 0-2: Fly out, F6 (Popup, 6M)
|
Bottom of the 1st over - 0 runs, 0 hits, 0 errors, 0 left on base; Northville 1 - Marquette 0 |
TOP OF THE 2ND |
Northville Eclipse batting - Pitching for Marquette Miners : RHP Jason Huggins
|
Batting: LHB Raymond Dudzinski
|
0-0: DOUBLE (Line Drive, 9LM)
|
Batting: RHB Curt Taylor
|
0-0: Foul Ball, location: 2F 0-1: Ball 1-1: Swinging Strike 1-2: Ball 2-2: Foul Ball, location: 2F 2-2: SINGLE (Groundball, 34D) Raymond Dudzinski to third
|
Batting: RHB Lex van Esch
|
0-0: Ball 1-0: Swinging Strike 1-1: Swinging Strike 1-2: Strikes out swinging
|
Pitching: RHP Jorge Vega
|
|
Batting: RHB Tabor de Maria
|
0-0: Ball 1-0: Called Strike 1-1: Foul Ball, location: 2F 1-2: Ball 2-2: Ground out U3 (Groundball, 34S) Raymond Dudzinski scores Curt Taylor to second
|
Batting: RHB Joe Mueller
|
0-0: Called Strike 0-1: Fly out, F4 (Popup, 4S)
|
Top of the 2nd over - 1 run, 2 hits, 0 errors, 1 left on base; Northville 2 - Marquette 0 |
BOTTOM OF THE 2ND |
Marquette Miners batting - Pitching for Northville Eclipse : LHP Denie Ulderink
|
Batting: LHB Dan Hines
|
0-0: Swinging Strike 0-1: Called Strike 0-2: Ball 1-2: Foul Ball, location: 2F 1-2: Fly out, F8 (Flyball, 8RD)
|
Batting: RHB Roberto Reyes
|
0-0: Ball 1-0: Ball 2-0: Ball 3-0: Base on Balls
|
Batting: RHB Al Grant
|
0-0: Foul Ball, location: 2F 0-1: Called Strike 0-2: Ball 1-2: Fly out, F8 (Flyball, 8RD)
|
Batting: RHB Matous Sicak
|
0-0: Called Strike 0-1: Ball 1-1: Swinging Strike 1-2: Ball 2-2: Fly out, F8 (Flyball, 78M)
|
Bottom of the 2nd over - 0 runs, 0 hits, 0 errors, 1 left on base; Northville 2 - Marquette 0 |
TOP OF THE 3RD |
Northville Eclipse batting - Pitching for Marquette Miners : RHP Jorge Vega
|
Batting: LHB Jon Ellender
|
0-0: Swinging Strike 0-1: Swinging Strike 0-2: Ball 1-2: Strikes out looking
|
Batting: RHB Colm Shapland
|
0-0: Called Strike 0-1: Swinging Strike 0-2: Strikes out swinging
|
Batting: LHB Dean Jackson
|
0-0: Fly out, F4 (Popup, 4MD)
|
Top of the 3rd over - 0 runs, 0 hits, 0 errors, 0 left on base; Northville 2 - Marquette 0 |
BOTTOM OF THE 3RD |
Marquette Miners batting - Pitching for Northville Eclipse : LHP Denie Ulderink
|
Batting: RHB Jorge Vázquez
|
0-0: Foul Ball, location: 2F 0-1: SINGLE (Line Drive, 9S)
|
Batting: RHB Felipe Bañuelos
|
0-0: Ball 1-0: Ball 2-0: Called Strike 2-1: Foul Ball, location: 2F 2-2: Ground out 3-1 (Groundball, 34) Jorge Vázquez to second
|
Batting: RHB Álex Maroto
|
0-0: Ball 1-0: Ball 2-0: Called Strike 2-1: Ball 3-1: Called Strike 3-2: Base on Balls
|
Batting: RHB Hyun-hi Choung
|
0-0: Called Strike 0-1: Foul Ball, location: 2F 0-2: Ball 1-2: Foul Ball, location: 2F 1-2: Strikes out swinging
|
Batting: RHB Matt Cleveland
|
0-0: Called Strike 0-1: Called Strike 0-2: Foul Ball, location: 2F 0-2: Strikes out swinging
|
Bottom of the 3rd over - 0 runs, 1 hit, 0 errors, 2 left on base; Northville 2 - Marquette 0 |
TOP OF THE 4TH |
Northville Eclipse batting - Pitching for Marquette Miners : RHP Jorge Vega
|
Batting: RHB António Avery
|
0-0: Called Strike 0-1: DOUBLE (Line Drive, 7D)
|
Batting: LHB Raymond Dudzinski
|
0-0: Ball 1-0: Ball 2-0: Called Strike 2-1: Ball 3-1: Fly out, F6 (Line Drive, 6)
|
Batting: RHB Curt Taylor
|
0-0: Called Strike 0-1: SINGLE (Groundball, 56D) António Avery to third
|
Batting: RHB Lex van Esch
|
0-0: Ball 1-0: 3-RUN HOME RUN (Line Drive, 9D), Distance : 384 ft
|
Batting: RHB Tabor de Maria
|
0-0: Foul Ball, location: 2F 0-1: Fly out, F9 (Flyball, 9S)
|
Batting: RHB Joe Mueller
|
0-0: Called Strike 0-1: Swinging Strike 0-2: Foul Ball, location: 2F 0-2: Strikes out swinging
|
Top of the 4th over - 3 runs, 3 hits, 0 errors, 0 left on base; Northville 5 - Marquette 0 |
BOTTOM OF THE 4TH |
Marquette Miners batting - Pitching for Northville Eclipse : LHP Denie Ulderink
|
Batting: LHB Dan Hines
|
0-0: Called Strike 0-1: Ball 1-1: Foul Ball, location: 2F 1-2: Ball 2-2: Strikes out swinging
|
Batting: RHB Roberto Reyes
|
0-0: Called Strike 0-1: Ball 1-1: Foul Ball, location: 2F 1-2: Foul Ball, location: 2F 1-2: Fly out, F5 (Popup, 5F)
|
Batting: RHB Al Grant
|
0-0: Called Strike 0-1: Ball 1-1: DOUBLE (Line Drive, 89M)
|
Batting: RHB Matous Sicak
|
0-0: Called Strike 0-1: Swinging Strike 0-2: Ball 1-2: Ball 2-2: Foul Ball, location: 2F 2-2: Foul Ball, location: 2F 2-2: Ball 3-2: Base on Balls
|
Batting: RHB Jorge Vázquez
|
0-0: Ball 1-0: Foul Ball, location: 2F 1-1: Foul Ball, location: 2F 1-2: Strikes out swinging
|
Bottom of the 4th over - 0 runs, 1 hit, 0 errors, 2 left on base; Northville 5 - Marquette 0 |
TOP OF THE 5TH |
Northville Eclipse batting - Pitching for Marquette Miners : RHP Jorge Vega
|
Batting: LHB Jon Ellender
|
0-0: Ball 1-0: Ground out 4-3 (Groundball, 4)
|
Batting: RHB Colm Shapland
|
0-0: Ball 1-0: Ball 2-0: Fly out, F8 (Flyball, 89M)
|
Batting: LHB Dean Jackson
|
0-0: Called Strike 0-1: Ball 1-1: Foul Ball, location: 2F 1-2: Ground out U3 (Groundball, 3)
|
Top of the 5th over - 0 runs, 0 hits, 0 errors, 0 left on base; Northville 5 - Marquette 0 |
BOTTOM OF THE 5TH |
Marquette Miners batting - Pitching for Northville Eclipse : LHP Denie Ulderink
|
Batting: RHB Felipe Bañuelos
|
0-0: Ball 1-0: Ground out 5-3 (Groundball, 56)
|
Batting: RHB Álex Maroto
|
0-0: Called Strike 0-1: Ball 1-1: DOUBLE (Line Drive, 8RXD)
|
Batting: RHB Hyun-hi Choung
|
0-0: DOUBLE (Line Drive, 7LS) Álex Maroto scores
|
Batting: RHB Matt Cleveland
|
0-0: Ball 1-0: Ball 2-0: Called Strike 2-1: Ground out 6-3 (Groundball, 6)
|
Batting: LHB Dan Hines
|
0-0: Ball 1-0: Swinging Strike 1-1: Fly out, F9 (Flyball, 9LM)
|
Bottom of the 5th over - 1 run, 2 hits, 0 errors, 1 left on base; Northville 5 - Marquette 1 |
TOP OF THE 6TH |
Northville Eclipse batting - Pitching for Marquette Miners : RHP Jorge Vega
|
Pitching: RHP Gustavo Díaz
|
|
Batting: RHB António Avery
|
0-0: Ball 1-0: Foul Ball, location: 2F 1-1: Ball 2-1: Ball 3-1: Fly out, F8 (Flyball, 8RS)
|
Batting: LHB Raymond Dudzinski
|
0-0: Fly out, F6 (Flyball, 6MD)
|
Batting: RHB Curt Taylor
|
0-0: Fly out, F3 (Popup, 3S)
|
Top of the 6th over - 0 runs, 0 hits, 0 errors, 0 left on base; Northville 5 - Marquette 1 |
BOTTOM OF THE 6TH |
Marquette Miners batting - Pitching for Northville Eclipse : LHP Denie Ulderink
|
Batting: RHB Roberto Reyes
|
0-0: Ball 1-0: Ball 2-0: Ball 3-0: Base on Balls
|
Batting: RHB Al Grant
|
0-0: Ball 1-0: Foul Ball, location: 2F 1-1: Ball 2-1: Ball 3-1: Base on Balls Roberto Reyes to second
|
Batting: RHB Matous Sicak
|
0-0: Ball 1-0: Ball 2-0: Grounds into double play, 6-4-3 (Groundball, 6) Roberto Reyes to third
|
Batting: RHB Jorge Vázquez
|
0-0: Foul Ball, location: 2F 0-1: Ground out 5-3 (Groundball, 56)
|
Bottom of the 6th over - 0 runs, 0 hits, 0 errors, 1 left on base; Northville 5 - Marquette 1 |
TOP OF THE 7TH |
Northville Eclipse batting - Pitching for Marquette Miners : RHP Gustavo Díaz
|
Batting: RHB Lex van Esch
|
0-0: Swinging Strike 0-1: Foul Ball, location: 2F 0-2: Fly out, F6 (Popup, 6)
|
Batting: RHB Tabor de Maria
|
0-0: Ball 1-0: Swinging Strike 1-1: Ball 2-1: Swinging Strike 2-2: Ground out 1-3 (Groundball, P)
|
Batting: RHB Joe Mueller
|
0-0: Ball 1-0: Ball 2-0: Called Strike 2-1: Ground out 5-3 (Groundball, 56)
|
Top of the 7th over - 0 runs, 0 hits, 0 errors, 0 left on base; Northville 5 - Marquette 1 |
BOTTOM OF THE 7TH |
Marquette Miners batting - Pitching for Northville Eclipse : LHP Denie Ulderink
|
Batting: RHB Felipe Bañuelos
|
0-0: Ball 1-0: Foul Ball, location: 2F 1-1: Ball 2-1: Ground out 1-3 (Groundball, 13)
|
Batting: RHB Álex Maroto
|
0-0: Ground out U3 (Groundball, 34)
|
Batting: RHB Hyun-hi Choung
|
0-0: Called Strike 0-1: Foul Ball, location: 2F 0-2: Ball 1-2: Ground out 5-3 (Groundball, 56S)
|
Bottom of the 7th over - 0 runs, 0 hits, 0 errors, 0 left on base; Northville 5 - Marquette 1 |
TOP OF THE 8TH |
Northville Eclipse batting - Pitching for Marquette Miners : RHP Gustavo Díaz
|
Batting: LHB Jon Ellender
|
0-0: Called Strike 0-1: Foul Ball, location: 2F 0-2: Ball 1-2: Ground out U3 (Groundball, 3)
|
Batting: RHB Colm Shapland
|
0-0: Called Strike 0-1: Ball 1-1: Ball 2-1: DOUBLE (Line Drive, 9LM)
|
Batting: LHB Dean Jackson
|
0-0: Intentional Walk
|
Batting: RHB António Avery
|
0-0: Ball 1-0: Swinging Strike 1-1: Ball 2-1: Ball 3-1: Foul Ball, location: 2F 3-2: Fly out, F8 (Flyball, 8RM)
|
Batting: LHB Raymond Dudzinski
|
0-0: Ball 1-0: Swinging Strike 1-1: Called Strike 1-2: Fly out, F7 (Flyball, 7S)
|
Top of the 8th over - 0 runs, 1 hit, 0 errors, 2 left on base; Northville 5 - Marquette 1 |
BOTTOM OF THE 8TH |
Marquette Miners batting - Pitching for Northville Eclipse : LHP Denie Ulderink
|
Batting: RHB Matt Cleveland
|
0-0: Ball 1-0: Called Strike 1-1: Swinging Strike 1-2: Ball 2-2: Strikes out swinging
|
Pitching: LHP Cullen Taylor
|
|
Batting: LHB Dan Hines
|
0-0: Ball 1-0: Ball 2-0: Fly out, F6 (Popup, 6)
|
Batting: RHB Roberto Reyes
|
0-0: Swinging Strike 0-1: Foul Ball, location: 2F 0-2: Strikes out swinging
|
Bottom of the 8th over - 0 runs, 0 hits, 0 errors, 0 left on base; Northville 5 - Marquette 1 |
TOP OF THE 9TH |
Northville Eclipse batting - Pitching for Marquette Miners : RHP Gustavo Díaz
|
Batting: RHB Curt Taylor
|
0-0: Swinging Strike 0-1: Called Strike 0-2: Strikes out swinging, 2-3 out at first.
|
Batting: RHB Lex van Esch
|
0-0: Swinging Strike 0-1: Ball 1-1: Ball 2-1: Called Strike 2-2: Ground out U3 (Groundball, 34S)
|
Pitching: RHP Jesús Alfonso
|
|
Batting: RHB Tabor de Maria
|
0-0: Called Strike 0-1: Ball 1-1: Ball 2-1: Ball 3-1: Base on Balls
|
Batting: RHB Joe Mueller
|
0-0: Fly out, F4 (Popup, 34D)
|
Top of the 9th over - 0 runs, 0 hits, 0 errors, 1 left on base; Northville 5 - Marquette 1 |
BOTTOM OF THE 9TH |
Marquette Miners batting - Pitching for Northville Eclipse : LHP Cullen Taylor
|
Pitching: LHP James Callendar
|
|
Batting: RHB Al Grant
|
0-0: Fly out, F4 (Popup, 4)
|
Batting: RHB Matous Sicak
|
0-0: Ball 1-0: Ball 2-0: Ball 3-0: Base on Balls
|
Batting: RHB Jorge Vázquez
|
0-0: Ball 1-0: Ball 2-0: Ball 3-0: Base on Balls Matous Sicak to second
|
Batting: RHB Felipe Bañuelos
|
0-0: DOUBLE (Line Drive, 89D) Matous Sicak scores Jorge Vázquez to third
|
Batting: RHB Álex Maroto
|
0-0: Ball 1-0: Foul Ball, location: 2F 1-1: Ground out 6-3 (Groundball, 6S) Jorge Vázquez scores Felipe Bañuelos to third
|
Pinch Hitting: RHB Alejandro Márquez
|
0-0: Ball 1-0: Ball 2-0: Called Strike 2-1: Foul Ball, location: 2F 2-2: Ball 3-2: Foul Ball, location: 2F 3-2: Foul Ball, location: 2F 3-2: Foul Ball, location: 2F 3-2: Foul Ball, location: 2F 3-2: Base on Balls
|
Batting: RHB Matt Cleveland
|
0-0: SINGLE (Flyball, 7LS) Felipe Bañuelos scores Alejandro Márquez to second
|
Pitching: LHP Sherten Apostel
|
|
Pinch Hitting: SHB Ángel Venegas
|
0-0: Foul Ball, location: 2F 0-1: Fly out, F2 (Popup, 2RF)
|
Bottom of the 9th over - 3 runs, 2 hits, 0 errors, 2 left on base; Northville 5 - Marquette 4 |
|